 Dungeon Crawl Stone Soup version 0.31-a0-344-gd109795599 (webtiles) character file.

Game seed: 2474063394754836372

1712 LeprechaunX the Grappler (level 9, -1/79 HPs)
             Began as an Octopode Shapeshifter on July 21, 2023.
             Was an Initiate of Hepliaklqana.
             Succumbed to a killer bee's poison
             ... on level 7 of the Dungeon.
             The game lasted 00:06:19 (5867 turns).

LeprechaunX the Grappler (Octopode Shapeshifter)    Turns: 5867, Time: 00:06:20

Health: -1/79      AC: 24    Str: 19    XL:     9   Next: 4%
Magic:  11/11      EV:  2    Int: 10    God:    Hepliaklqana [......]
Gold:   370        SH:  0    Dex: 12    Spells: 8/8 levels left

rFire   . .          .
                       - Unarmed
rCold   . . .        (no shield)
rNeg    . . .        (helmet currently unavailable)
rPois   +            t - amulet of the acrobat
rElec   .            o - +5 ring of evasion
rCorr   .            m - ring of flight
SInv    .            (no ring)
Will    .....        (no ring)
Stlth   +            (no ring)
HPRegen 0.33/turn    (no ring)
MPRegen 0.12/turn    (no ring)
                     (no ring)

%: acrobat
@: lethally poisoned (-1 -> -9), tree-form
A: stationary, stasis, torment immunity, boosted hp, almost no armour,
(amphibious), 8 rings, (camouflage 1), (gelatinous body 1), (nimble swimmer 1),
(tentacles)
a: Renounce Religion


You were on level 7 of the Dungeon.
You worshipped Hepliaklqana.
Hepliaklqana was noncommittal.
You were a tree.
You visited 2 branches of the dungeon, and saw 8 of its levels.

You collected 370 gold pieces.

Inventory:

Missiles
 n - 5 boomerangs
Jewellery
 m - a ring of flight (right branch)
 o - a +5 ring of evasion (left branch)
 t - an amulet of the acrobat (around neck)
Talismans
 b - a beast talisman
Wands
 a - a wand of flame (52)
Scrolls
 c - 5 scrolls of teleportation {unknown}
 d - 6 scrolls of identify {unknown}
 e - 5 scrolls of blinking {unknown}
 h - 2 scrolls of fear {unknown}
 i - 2 scrolls of noise {unknown}
 k - a scroll of enchant weapon {unknown}
 l - 2 scrolls of enchant armour {unknown}
 v - 2 scrolls of amnesia {unknown}
Potions
 f - 2 potions of magic {unknown}
 g - 2 potions of attraction {unknown}
 j - 2 potions of curing
 p - a potion of heal wounds {unknown}
 q - a potion of might {unknown}
 r - a potion of mutation {unknown}
 s - 2 potions of haste {unknown}
 w - a potion of cancellation {unknown}


   Skills:
 - Level 1.0 Fighting
 - Level 2.0 Dodging
 * Level 9.2 Unarmed Combat
 + Level 3.6 Invocations
 + Level 5.9 Shapeshifting


You had 8 spell levels left.
You didn't know any spells.
Your spell library contained the following spells:

 Spells                   Type           Power      Damage    Failure   Level
 Apportation              Tloc           0%         N/A       36%         1
 Necrotise                Necr           0%         1d4       36%         1
 Summon Small Mammal      Summ           0%         N/A       36%         1


Dungeon Overview and Level Annotations

Branches:
Dungeon (7/15)             Temple (1/1) D:5

Altars:
Ashenzari
Cheibriados
Dithmenos
Fedhas
Gozag
Hepliaklqana
Nemelex Xobeh
Okawaru
Qazlal
Ru
Sif Muna
Trog
Uskayaw
Vehumet
Wu Jian
Xom
Yredelemnul
Zin
The Shining One

Shops:
D:7 :


Innate Abilities, Weirdness & Mutations

You are a tree.
Your roots penetrate the ground, keeping you stationary.
You cannot be teleported.
You are immune to unholy pain and torment.
Your maximum health is greatly increased.
You cannot wear most types of armour.
((You are amphibious.))
You can wear up to eight rings at the same time.
((Your skin changes colour to match your surroundings (Stealth+).))
((Your rubbery body absorbs attacks. (AC +1, EV +1)))
((You are camouflaged when in or above water. (Stealth+)))
((You have tentacles for arms and can constrict up to eight enemies at once.))


Message History

The killer bee is severely wounded.
You feel sick.
The killer bee stings you but does no damage. x2
You barely miss the killer bee.
The killer bee is severely wounded.
You feel sick.
The killer bee stings you but does no damage.
The killer bee completely misses you. The killer bee stings you.
* * * LOW HITPOINT WARNING * * *
The killer bee stings you but does no damage.
You completely miss the killer bee.
The killer bee is severely wounded.
You feel sick.
You are no longer poisoned.
The killer bee stings you but does no damage.
The killer bee stings you.
* * * LOW HITPOINT WARNING * * *
You are lethally poisoned!
The killer bee poisons you!
The killer bee stings you but does no damage. x2
You smack the killer bee!
You kill the killer bee!
* * * LOW HITPOINT WARNING * * *
You feel sick.
The killer bee stings you but does no damage.
Unknown command.
It was a potion of curing.
You feel better. The killer bee barely misses you.
The killer bee stings you but does no damage. x3
You closely miss the killer bee. Your punch misses the killer bee.
The killer bee stings you but does no damage. x4
You smack the killer bee!
The killer bee is severely wounded.
The killer bee stings you.
* * * LOW HITPOINT WARNING * * *
You are lethally poisoned!
The killer bee poisons you!
The killer bee stings you but does no damage. x3
You miss the killer bee.
The killer bee is severely wounded.
You die...

#.....# #....# #.....#
#....# #.....# #....#
#.....# #....# #.....#
#....#
##.....###########'##
..y....##.....##∩..######+#
.........†.....#..........#
............†..#♣.........#
...............yy..<......#
###########################


You could see 2 killer bees.

Vanquished Creatures
  Edmund (D:3)
  Duvessa (D:6)
  A water moccasin (D:5)
  An ice beast (D:6)
  2 phantoms
  Blork the orc (D:4)
  2 scorpions (D:5)
  4 wights (D:6)
  Dowan (D:6)
  3 killer bees (D:7)
  A howler monkey (D:6)
  Crazy Yiuf (D:2)
  2 hounds (D:6)
  Terence (D:2)
  2 sleepcaps
  4 iguanas
  3 orc wizards
  7 adders
  2 shadow imps (D:5)
  2 white imps
  3 ufetubi
  4 dart slugs
  17 orcs
  7 ball pythons
  4 bats
  8 endoplasms
  3 giant cockroaches
  4 goblins
  5 hobgoblins
  3 jackals (D:1)
  7 quokkas
  3 frilled lizards (D:2)
  8 kobolds
  3 rats
121 creatures vanquished.

Notes
Turn   | Place    | Note
-------+----------+-------------------------------------------
     0 | D:1      | LeprechaunX the Octopode Shapeshifter began the quest for
                  | the Orb.
     0 | D:1      | Reached XP level 1. HP: 13/13 MP: 1/1
    76 | D:1      | Reached XP level 2. HP: 18/18 MP: 2/2
   222 | D:1      | Noticed a shining eye
   224 | D:1      | Reached XP level 3. HP: 22/23 MP: 3/3
   388 | D:1      | Found a faded altar of an unknown god.
   389 | D:1      | Noticed a shining eye
   396 | D:1      | Noticed a golden eye
   407 | D:1      | Noticed a great orb of eyes
   686 | D:2      | Noticed Terence
   697 | D:2      | Killed Terence
   698 | D:2      | Reached skill level 4 in Unarmed Combat
   698 | D:2      | Reached XP level 4. HP: 7/28 MP: 4/4
  1606 | D:2      | Found a runed translucent door.
  1607 | D:2      | Noticed Crazy Yiuf
  1840 | D:2      | Killed Crazy Yiuf
  1841 | D:2      | Reached XP level 5. HP: 25/33 MP: 0/5
  1966 | D:3      | Reached skill level 5 in Unarmed Combat
  2345 | D:3      | Noticed a phantom
  2359 | D:3      | Killed a phantom
  2360 | D:3      | Reached XP level 6. HP: 10/38 MP: 6/6
  2787 | D:4      | Noticed Edmund
  2803 | D:3      | Killed Edmund
  2804 | D:3      | Reached skill level 6 in Unarmed Combat
  2956 | D:4      | Identified the +2 spear "Qaehauz" {venom, rElec}
  3095 | D:4      | Reached XP level 7. HP: 41/43 MP: 7/7
  3319 | D:4      | Noticed Blork the orc
  3326 | D:4      | Killed Blork the orc
  3465 | D:5      | Entered Level 5 of the Dungeon
  3589 | D:5      | Reached skill level 7 in Unarmed Combat
  3597 | D:5      | Found a radiant altar of Vehumet.
  3604 | D:5      | Found a sacrificial altar of Ru.
  3676 | D:5      | Found a sparkling altar of Nemelex Xobeh.
  3891 | D:5      | Reached skill level 5 in Shapeshifting
  4066 | D:5      | Found a staircase to the Ecumenical Temple.
  4327 | Temple   | Entered the Ecumenical Temple
  4346 | Temple   | Became a worshipper of Hepliaklqana the Forgotten
  4947 | D:6      | Noticed Duvessa
  4948 | D:6      | Noticed Dowan
  4959 | D:6      | Killed Duvessa
  4960 | D:6      | Reached skill level 1 in Invocations
  4960 | D:6      | Reached XP level 8. HP: 28/48 MP: 8/8
  4961 | D:6      | Killed Dowan
  4962 | D:6      | Reached skill level 8 in Unarmed Combat
  5336 | D:6      | Found a glowing golden altar of the Shining One.
  5355 | D:6      | Reached skill level 9 in Unarmed Combat
  5409 | D:6      | Found a hide-covered altar of Uskayaw.
  5806 | D:7      | Found Hilavuawn's Book Shop.
  5850 | D:7      | Reached XP level 9. HP: 53/53 MP: 11/11
  5862 | D:7      | HP: 2/79 [killer bee (2)]
  5867 | D:7      | Succumbed to a killer bee's poison

Illustrated notes

Levels and vault maps discovered:
D:1:      psy_arrival_conway, layout_basic,
          hellmonk_ecumenical_altar_watching_god, dk_noncrumbling_3,
          minmay_box_of_dots
D:2:      layout_loops_corners, kennysheep_generic_room_3,
          uniq_crazy_yiuf_cottage, uniq_terence
D:3:      layout_loops_ring
D:4:      layout_loops_ring, uniq_blork_the_orc, uniq_edmund
D:5:      layout_layer_cave, mainiacjoe_overflow_boulevard,
          mainiacjoe_overflow_large_starburst, minmay_temple_entry_ruins
D:6:      layout_loops_ring, eat_drink_and_be_merry_uskayaw, tso_metal_star,
          uniq_duvessa
D:7:      layout_gridville, kiku_gazebo_pond_becter, serial_shops, shop
Temple:   zaba_magenta_temple

Skill      XL: |  1  2  3  4  5  6  7  8 |
---------------+-------------------------+-----
Unarmed Combat | 4 5 6 7 9 |  9.2
Shapeshifting  | 4 5 |  5.9
Invocations    | 1 3 |  3.6
Fighting       | |  1.0
Dodging        | |  2.0

Action                     |  1- 3 |  4- 6 |  7- 9 || total
---------------------------+-------+-------+-------++-------
  Melee: Unarmed           |    43 |   103 |   115 ||   261
         Constrict         |    12 |    23 |    27 ||    62
         Tentacles         |     9 |    20 |    28 ||    57
         Punch             |       |     3 |     3 ||     6
    Use: Potion            |       |     1 |     2 ||     3
   Stab: Sleeping          |     7 |    12 |     7 ||    26
         Distracted        |       |     1 |       ||     1
 Armour: Skin              |       |    12 |    24 ||    36
  Dodge: Dodged            |    17 |    49 |    77 ||   143

Table legend: (Time is in decaauts)
 A = Elapsed time spent in this place.
 B = Non-inter-level travel time spent in this place.
 C = Inter-level travel time spent in this place.
 D = Time resting spent in this place.
 E = Time spent auto-exploring this place.
 F = Levels seen in this place.
 G = Mean time per level.
                   A        B        C        D        E       F      G
               +--------+--------+--------+--------+--------+-----+--------+
         Total |   5838 |   5443 |    395 |    384 |   4267 |   8 |  729.8 |
       Dungeon |   5803 |   5409 |    394 |    384 |   4267 |   7 |  829.0 |
        Temple |     34 |     34 |      0 |      0 |      0 |   1 |   34.0 |
               +--------+--------+--------+--------+--------+-----+--------+

Top non-repeatable levels by time:
     D:2: 1507 daAuts
     D:5: 1301 daAuts
     D:3: 884 daAuts
     D:6: 868 daAuts
     D:4: 711 daAuts
     D:1: 471 daAuts
     D:7: 58 daAuts
  Temple: 34 daAuts
